 Seeded DCSS version 0.29.1-13-g9f3cf754e1 (webtiles) character file.

Game seed: 16245865983455551772 (custom seed)

9 OTABOTABOTAB the Insei (level 2, 15/18 HPs)
             Began as an Octopode Transmuter on Jan 24, 2023.
             Quit the game on level 1 of the Dungeon.
             The game lasted 00:01:12 (330 turns).

OTABOTABOTAB the Insei (Octopode Transmuter)         Turns: 330, Time: 00:01:13

Health: 15/18      AC:  1    Str:  9    XL:     2   Next: 12%
Magic:  5/5        EV: 13    Int: 15    God:
Gold:   1136       SH:  0    Dex: 12    Spells: 4/5 levels left

rFire   . . .      SeeInvis .   b - +7 quick blade
rCold   . . .      Faith    .   (no shield)
rNeg    . . .      Spirit   .   (helmet restricted)
rPois   .          Reflect  .   (no amulet)
rElec   .          Harm     .   (no ring)
rCorr   .          Rampage  .   (no ring)
Will    .....                   (no ring)
Stlth   ++........              (no ring)
HPRegen 0.06/turn               (no ring)
MPRegen 0.09/turn               (no ring)
                                (no ring)
                                (no ring)

@: no status effects
A: almost no armour, amphibious, 8 rings, camouflage 1, gelatinous body 1,
(nimble swimmer 1), tentacles
a: no special abilities


You were on level 1 of the Dungeon.
You visited 1 branch of the dungeon, and saw 1 of its levels.

You collected 1136 gold pieces.

Inventory:

Hand Weapons
 b - a +7 quick blade (weapon)
   (You acquired it on level 1 of the Dungeon)
Missiles
 s - 3 stones
Jewellery
 c - the ring of Qiaconk {rPois Str-4 Int+5 Dex+4 Slay+4}
   (You acquired it on level 1 of the Dungeon)

   [ring of slaying]

   Str:       It affects your strength (-4).
   Int:       It affects your intelligence (+5).
   Dex:       It affects your dexterity (+4).
   Slay:      It affects your accuracy & damage with ranged weapons and melee
   (+4).
   rPois:     It protects you from poison.
Potions
 a - a potion of might {unknown}
 d - 2 potions of flight {unknown}
 P - a potion of lignification {!q}


   Skills:
 + Level 1.2 Fighting
 + Level 2.1 Dodging
 * Level 3.2 Unarmed Combat
 - Level 2.0 Spellcasting
 + Level 2.1 Transmutations


You had 4 spell levels left.
You knew the following spells:

 Your Spells              Type           Power      Damage    Failure   Level
a - Beastly Appendage     Tmut           14%        N/A       10%         1

Your spell library contained the following spells:

 Spells                   Type           Power      Damage    Failure   Level
 Wereblood                Tmut           7%         N/A       14%         2
 Spider Form              Tmut/Pois      4%         N/A       41%         3
 Ice Form                 Ice/Tmut       4%         N/A       82%         4


Dungeon Overview and Level Annotations

Branches:
Dungeon (1/15)

Altars:


Innate Abilities, Weirdness & Mutations

You cannot wear most types of armour.
You are amphibious.
You can wear up to eight rings at the same time.
Your skin changes colour to match your surroundings (Stealth+).
Your rubbery body absorbs attacks. (AC +1, EV +1)
((You are camouflaged when in or above water. (Stealth+)))
You have tentacles for arms and can constrict up to eight enemies at once.


Message History

Found a staircase leading out of the dungeon.
Found an escape hatch in the floor.
Found an escape hatch in the floor.
A goblin comes into view. It is wielding a +0 dagger.
A goblin is nearby!
One of your tentacles grows a vicious spike.
The goblin shouts!
A quokka comes into view.
You now have 2/3 mp.
Your transformation is almost over.
The goblin barely misses you.
You completely miss the goblin. You grab the goblin. You constrict the goblin.
The quokka bites you. The quokka misses you. The goblin barely misses you.
You take 1 damage, and have 12/13 hp.
You barely miss the goblin.
You pierce the goblin.
You kill the goblin!
The quokka bites you.
You take 2 damage, and have 10/13 hp.
You closely miss the quokka. You grab the quokka.
You pierce the quokka.
You kill the quokka!
Unknown command.
No target in view!
No target in view!
Your tentacle spike disappears.
You see here a +0 dagger.
s - 6 stones (quivered)
An endoplasm comes into view.
The endoplasm quivers.
You see here 3 scrolls labelled WAC GOIFOFITOUPLEC.
Health restored: 13; MP restored: 3 One of your tentacles grows a vicious spike.
You now have 2/3 mp.
You tentacle-slap the endoplasm.
You pierce the endoplasm.
You kill the endoplasm!
No target in view!
Unknown command.
No target in view!
Your tentacle spike disappears.
a - 3 scrolls labelled WAC GOIFOFITOUPLEC This is a scroll of acquirement!
Something appears before you!
b - a +7 quick blade Something appears before you!
c - the ring of Qiaconk {rPois Str-4 Int+5 Dex+4 Slay+4} Something appears before you!
You now have 1126 gold pieces.
b - a +7 quick blade (weapon)
A quokka comes into view.
MP restored: 3 A quokka is nearby!
You throw a stone.
The stone hits the quokka but does no damage.
You throw a stone. The stone hits the quokka.
You throw a stone. The stone closely misses the quokka.
No target in view!
Clearing quiver.
No target in view!
No target in view!
A quokka is nearby!
An endoplasm comes into view.
The endoplasm quivers.
The quokka bites you.
You take 3 damage, and have 10/13 hp.
MASSIVE DAMAGE!!
You miss the quokka. You grab the quokka.
You constrict the quokka, but do no damage.
The quokka bites you.
You take 1 damage, and have 9/13 hp.
You hit the quokka.
You kill the quokka!
Unknown command.
The endoplasm barely misses you.
You hit the endoplasm.
Unknown command.
You hit the endoplasm.
You kill the endoplasm!
You have reached level 2!
You regained 4 hp, and now have 13/18 hp.
MP restored: 5
a - a fuming brown potion Health restored: 18 You now have 1136 gold pieces (gained 10).
d - 2 cyan potions
Found a faded altar of an unknown god.
There is a faded altar of an unknown god here.
You open the door.
A rat and an endoplasm come into view.
There is an open door here.
The endoplasm quivers.
You hit the endoplasm. You squeeze the endoplasm. The endoplasm freezes you.
You are frozen.
You take 4 damage, and have 14/18 hp.
MASSIVE DAMAGE!!
You hit the endoplasm.
You kill the endoplasm!
Unknown command.
The helpless rat fails to defend itself.
You puncture the rat!
You kill the rat!

##....## #.##.##.#
#.#####.#### #....
#.# #.##+###.# #.#
#.... ## #........#
#.# ..## ##.....###
#.# ### ##.......##
##.## ####..
#.........####.#.###
......
+.........'...###..#
####..
#.........##.## ##_#
##...@...####.###.##
##.....## ##.#..#
##...## ##.#.# ##+##
###.# #.# #.# #.#
#.# #.#


There were no monsters in sight!

Vanquished Creatures
  3 endoplasms (D:1)
  A goblin (D:1)
  2 quokkas (D:1)
  A rat (D:1)
7 creatures vanquished.

Notes
Turn   | Place    | Note
-------+----------+-------------------------------------------
     0 | D:1      | OTABOTABOTAB the Octopode Transmuter began the quest for
                  | the Orb.
     0 | D:1      | Reached XP level 1. HP: 13/13 MP: 3/3
   129 | D:1      | Identified 3 scrolls of acquirement
   129 | D:1      | Acquired a +7 quick blade
   131 | D:1      | Acquired the ring of Qiaconk {rPois Str-4 Int+5 Dex+4
                  | Slay+4}
   133 | D:1      | Acquired 1126 gold pieces
   173 | D:1      | Reached XP level 2. HP: 13/18 MP: 5/5
   302 | D:1      | Found a faded altar of an unknown god.
   330 | D:1      | Quit the game

Illustrated notes

Levels and vault maps discovered:
D:1:      minmay_arrival_hallway, layout_loops_corners, basic_ecumenical_altar,
          minmay_unequal

Action                   || total
-------------------------++-------
Melee: Quick blade       ||     7
       Unarmed           ||     4
       Constrict         ||     3
       Kick              ||     3
       Tentacles         ||     1
Throw: Stone             ||     3
 Cast: Beastly Appendage ||     2
 Abil: End Transformatio ||     1
  Use: Scroll            ||     3
 Stab: Sleeping          ||     1
Dodge: Dodged            ||     4

Table legend: (Time is in decaauts)
 A = Elapsed time spent in this place.
 B = Non-inter-level travel time spent in this place.
 C = Inter-level travel time spent in this place.
 D = Time resting spent in this place.
 E = Time spent auto-exploring this place.
 F = Levels seen in this place.
 G = Mean time per level.
                   A        B        C        D        E       F      G
               +--------+--------+--------+--------+--------+-----+--------+
         Total |    327 |    327 |      0 |      0 |    284 |   1 |  327.0 |
       Dungeon |    327 |    327 |      0 |      0 |    284 |   1 |  327.0 |
               +--------+--------+--------+--------+--------+-----+--------+

Top non-repeatable levels by time:
     D:1: 327 daAuts

Table legend:
 A = Kills in this place as a percentage of kills in entire the game.
 B = Kills by you in this place as a percentage of kills by you in the entire game.
 C = Kills by friends in this place as a percentage of kills by friends in the entire game.
 D = Other kills in this place as a percentage of other kills in the entire game.
 E = Experience gained in this place as a percentage of experience gained in the entire game.
 F = Experience gained in this place divided by the number of levels of this place that you have seen.
                   A       B       C       D       E      F
               +-------+-------+-------+-------+-------+----------------------
         Total | 100.0 | 100.0 |   N/A |   N/A | 100.0 |  13.0
       Dungeon | 100.0 | 100.0 |   N/A |   N/A | 100.0 |  13.0
               +-------+-------+-------+-------+-------+----------------------
